 Dungeon Crawl Stone Soup version 0.30.1-11-g7821555f0a (webtiles) character file.

Game seed: 12366697333501043952

21 Epilektoi the Magician (level 3, -1/25 HPs)
             Began as a Djinni Hedge Wizard on Dec 6, 2023.
             Killed from afar by Sigmund (7 damage)
             ... with a magic dart
             ... on level 2 of the Dungeon.
             The game lasted 00:07:33 (936 turns).

Epilektoi the Magician (Djinni Hedge Wizard)         Turns: 936, Time: 00:07:36

Health: -1/25      AC:  2    Str: 11    XL:     3   Next: 5%
Gold:   49         EV: 12    Int: 15    God:
                   SH:  0    Dex: 12

rFire   + + .        a - +0 dagger
rCold   x . .        (no shield)
rNeg    . . .        b - +0 robe
rPois   ∞            c - +0 hat
rElec   .            f - scarf {+Inv}
rCorr   .            (no gloves)
SInv    .            (boots unavailable)
Will    .....        (no amulet)
Stlth   ++           (no ring)
HPRegen 0.24/turn    (no ring)
MPRegen 0.00/turn

%: infuse magic (-2 HP)
@: on blink cooldown, flying
A: sickness immunity, fire resistance 2, cold vulnerability 1, float, innate
caster, HP casting, extra vitality 1
a: Evoke Invisibility


You were on level 2 of the Dungeon.
You visited 1 branch of the dungeon, and saw 2 of its levels.

You collected 49 gold pieces.

Inventory:

Hand Weapons
 a - a +0 dagger (weapon)
Armour
 b - a +0 robe (worn)
 c - a +0 hat (worn)
 f - a scarf of invisibility (worn)
 h - a +0 chain mail
Jewellery
 g - a +6 ring of dexterity
Scrolls
 e - 2 scrolls of identify {unknown}
 i - 2 scrolls of teleportation {unknown}
 k - a scroll of enchant armour {unknown}
Potions
 d - a potion of curing {unknown}
 j - a potion of brilliance {unknown}


   Skills:
 + Level 0.3 Short Blades
 + Level 2.4 Dodging
 + Level 1.7 Stealth
 + Level 2.9 Spellcasting


You knew the following spells:

 Your Spells              Type           Power      Damage    Failure   Level
a - Magic Dart            Conj           44%        1d5       6%          1
b - Slow                  Hex            44%        N/A       6%          1
c - Blink                 Tloc           22%        N/A       9%          2
d - Call Imp              Summ           22%        N/A       9%          2
e - Mephitic Cloud        Conj/Pois/Air  11%        N/A       19%         3
f - Freeze                Ice            44%        1d6       6%          1
Your spell library was empty.

Dungeon Overview and Level Annotations

Branches:
Dungeon (2/15)

Altars:

Shops:
D:1 (

Annotations:
D:2 Sigmund


Innate Abilities, Weirdness & Mutations

You are immune to sickness and miasma.
You are immune to poison.
Your flesh is very heat resistant. (rF++)
You are vulnerable to cold. (rC-)
You float through the air rather than walking.
You learn spells naturally, not from books.
Your magical power is your life essence.
You have superior vitality. (+4 MHP)


Message History

Sigmund shouts!
Sigmund hits you from afar with a +0 scythe.
You see here a scroll labelled CAMNOUNGIT.
You closely miss Sigmund. Sigmund hits you with a +0 scythe.
You closely miss Sigmund. Sigmund barely misses you.
You closely miss Sigmund. You hit Sigmund.
Sigmund is lightly wounded.
Sigmund gestures at you while chanting. The puff of flame misses you.
You closely miss Sigmund.
Sigmund is lightly wounded.
Sigmund barely misses you.
You hit Sigmund but do no damage.
Sigmund is lightly wounded.
You completely miss Sigmund.
Sigmund is lightly wounded.
Sigmund hits you but does no damage.
Press: ? - help, v - describe, . - travel
Here: Sigmund, wielding a +0 scythe and wearing a +0 robe (lightly wounded)
The floor.
Sigmund is nearby!
Sigmund attacks as you move away! Sigmund hits you with a +0 scythe.
You see here a scroll labelled CAMNOUNGIT.
Casting: Magic Dart (safe; 6% risk of failure)
Confirm with . or Enter, or press ? or * to list all spells.
Aiming: Magic Dart (safe; 6% risk of failure)
Press: ? - help, Shift-Dir - straight line, f/p - Sigmund
Aim: Sigmund, wielding a +0 scythe and wearing a +0 robe (lightly wounded, 100% to hit)
The magic dart hits Sigmund.
Sigmund is lightly wounded.
Sigmund hits you from afar with a +0 scythe!
* * * LOW HITPOINT WARNING * * *
Casting: Blink (safe; 9% risk of failure)
Press: ? - help, Q - select action, (/) - cycle Dir - look around, f - activate You blink.
* * * LOW HITPOINT WARNING * * *
Sigmund points at you and mumbles some strange words.
The magic dart hits you!
You die...

#.# #.# #.# #.# #.#
#.# #.#
#.############[#
#.....@!..§.@..#
###############....
.


You could see Sigmund.

Vanquished Creatures
  A dart slug (D:1)
  A ball python (D:1)
  6 bats
  2 endoplasms (D:1)
  3 kobolds (D:1)
  3 goblins (D:1)
  A rat (D:1)
17 creatures vanquished.

Notes
Turn   | Place    | Note
-------+----------+-------------------------------------------
     0 | D:1      | Epilektoi the Djinni Hedge Wizard began the quest for the
                  | Orb.
     0 | D:1      | Epilektoi set off with the following spells memorised:
                  | Magic Dart, Slow, Blink, Call Imp, Mephitic Cloud.
     0 | D:1      | Reached XP level 1. HP: 15/15 MP: 0/0
     6 | D:1      | Noticed an iguana
     7 | D:1      | Noticed a rime drake
    38 | D:1      | Found Kearchio's Weapon Emporium.
   121 | D:1      | Reached XP level 2. HP: 16/21 MP: 0/0
   766 | D:1      | Reached XP level 3. HP: 16/25 MP: 0/0
   766 | D:1      | Learned a level 1 spell: Freeze
   922 | D:2      | Noticed Sigmund
   936 | D:2      | Killed from afar by Sigmund

Illustrated notes

Levels and vault maps discovered:
D:1:      onia_arrival_zoo_common, layout_basic, serial_shops, shop,
          minmay_split_cup_small
D:2:      layout_loops_ring, basic_altar, uniq_sigmund

Action                     || total
---------------------------++-------
  Melee: Dagger            ||    59
         Punch             ||     1
   Cast: Magic Dart        ||    24
         Slow              ||     1
         Blink             ||     1
 Armour: Robe              ||    22
  Dodge: Dodged            ||    68
